Map: King Sejong Station LE

Players

Elazer - Winner!

  • Race: Zerg Zerg

PtitDrogo

  • Race: Protoss Protoss

Event: 2016 WCS Summer Circuit Championship (DH Montreal)

VOD

Have the link to the VOD?

Description

Time

  • Played on: Aug. 13, 2016, 1:46 p.m.
  • Length: 10:24

All games in this series

Show
View Real Time Build Order
Export as new Build Order

Elazer Zerg - Winner!

Build Orders: Hatch First 

Get SALT Encoding   

  12  0:00  Drone  
  13  0:12  Overlord  
  13  0:16  Drone  
  14  0:30  Drone x2  
  14  0:34  Drone  
  17  0:51  Hatchery  
  17  0:54  Drone  
  17  0:57  Drone  
  18  1:08  Extractor  
  17  1:13  Spawning Pool  
  17  1:16  Drone  
  17  1:19  Drone  
  18  1:27  Drone  
  19  1:38  Overlord  
  19  1:50  Drone  
  20  1:59  Queen  
  20  2:00  Drone  
  23  2:03  Queen, Zergling x2  
  23  2:07  Metabolic Boost  
  26  2:10  Drone  
  26  2:14  Drone  
  28  2:25  Drone  
  29  2:32  Drone  
  29  2:37  Hatchery  
  29  2:39  Zergling x2  
  29  2:42  Queen  
  32  2:47  Overlord  
  32  2:49  Drone  
  33  2:52  Drone  
  33  2:54  Drone  
  33  2:57  Drone  
  36  3:09  Drone x3, Overlord  
  38  3:13  Drone x3  
  38  3:19  Drone x2  
  43  3:21  Overlord  
  43  3:27  Extractor  
  43  3:29  Drone, Roach Warren  
  43  3:31  Drone  
  43  3:38  Drone  
  43  3:39  Drone x2  
  46  3:43  Drone  
  46  3:46  Extractor  
  46  3:49  Drone  
  46  3:51  Drone x2  
  46  3:52  Drone  
  46  3:53  Drone  
  51  3:57  Overlord  
  51  4:00  Lair  
  51  4:01  Drone  
  51  4:02  Drone  
  53  4:08  Overlord  
  53  4:11  Roach x3  
  59  4:17  Roach  
  59  4:21  Overlord  
  59  4:23  Roach x2  
  66  4:24  Drone x2  
  66  4:25  Drone  
  66  4:27  Roach  
  66  4:30  Roach  
  72  4:34  Roach x2  
  72  4:35  Drone  
  72  4:38  Overlord  
  77  4:39  Drone  
  77  4:42  Drone  
  78  4:48  Drone x2  
  78  4:51  Overlord  
  78  4:52  Drone x3  
  83  4:57  Drone x2  
  83  4:59  Extractor, Glial Reconstitution  
  84  5:00  Evolution Chamber  
  84  5:01  Drone  
  84  5:04  Drone x2  
  84  5:05  Overlord  
  86  5:10  Drone x3  
  86  5:13  Overseer  
  89  5:15  Overlord  
  86  5:23  Drone  
  86  5:24  Drone  
  86  5:26  Roach x5  
  85  5:37  Roach x3  
  85  5:41  Overlord  
  87  5:49  Overlord  
  84  5:50  Drone x2  
  84  5:56  Drone x2  
  84  5:57  Drone x2  
  84  5:58  Drone  
  84  6:01  Zerg Melee Weapons Level 1  
  87  6:05  Drone x3  
  87  6:07  Drone  
  87  6:08  Drone  
  92  6:13  Drone x3  
  92  6:16  Drone x2  
  97  6:19  Drone  
  98  6:26  Drone  
  98  6:27  Drone  
  100  6:35  Drone  
  100  6:37  Overlord  
  99  6:41  Drone x2  
  99  6:43  Drone  
  99  6:44  Baneling Nest, Hatchery  
  98  6:47  Overlord  
  98  6:50  Drone x2, Extractor  
  98  6:51  Drone x3  
  102  6:56  Overlord  
  102  7:00  Drone  
  103  7:04  Hatchery  
  102  7:09  Drone  
  102  7:11  Overlord  
  101  7:15  Drone x2  
  101  7:16  Drone x2  
  101  7:19  Drone x3  
  104  7:28  Drone x6  
  104  7:29  Ravager  
  111  7:30  Ravager x9  
  111  7:33  Roach x2  
  111  7:35  Roach  
  111  7:36  Zergling x4  
  128  7:39  Overlord  
  128  7:41  Zergling x4  
  128  7:42  Zergling x2  
  131  7:44  Zergling x2  
  131  7:45  Zergling x4  
  131  7:50  Centrifical Hooks  
  134  7:52  Roach x2  
  134  7:55  Overlord  
  138  7:59  Zergling x8  
  138  8:00  Zergling x2  
  138  8:05  Zergling x8  
  147  8:10  Ravager x3  
  147  8:11  Zergling x10  
  152  8:15  Baneling x4  
  152  8:16  Zergling x2  
  152  8:17  Zergling x2  
  152  8:18  Zergling x4  
  145  8:31  Zergling x4  
  145  8:32  Zergling x16  
  147  8:38  Zergling x6  
  147  8:39  Zergling x2  
  140  8:45  Zergling x10  
  136  8:51  Zergling x6  
  134  8:56  Roach x2  
  134  8:57  Spire  
  134  8:58  Ravager  
  138  9:03  Overlord  
  138  9:04  Roach x3  
  138  9:07  Baneling  
  138  9:08  Baneling x6  
  143  9:10  Zergling x2  
  143  9:11  Zergling x6  
  143  9:12  Baneling x2  
  143  9:16  Queen  
  149  9:21  Zergling x20  
  149  9:22  Zergling x4  
  149  9:23  Baneling x3  
  156  9:24  Baneling  
  151  9:33  Zergling x12  
  141  9:43  Zergling x2  
  141  9:44  Zergling x8  
  137  9:51  Roach x9  
  154  9:59  Zergling x2  
  151  10:00  Zergling x4  
  151  10:06  Zergling x2  
  148  10:07  Ravager x3, Zergling x6  
  148  10:08  Ravager  
Show
View Real Time Build Order
Export as new Build Order

PtitDrogo Protoss 

Build Orders: 1 Gate Expand, Mass Adepts 

Get SALT Encoding   

  12  0:01  Probe (Chrono Boost)  
  13  0:11  Probe (Chrono Boost)  
  14  0:18  Pylon  
  14  0:22  Probe (Chrono Boost)  
  15  0:36  Probe (Chrono Boost)  
  15  0:38  Gateway  
  16  0:42  Assimilator  
  16  0:47  Probe (Chrono Boost)  
  17  0:57  Probe (Chrono Boost)  
  18  1:08  Probe (Chrono Boost)  
  19  1:20  Nexus  
  19  1:23  Probe (Chrono Boost)  
  20  1:32  Cybernetics Core  
  20  1:35  Probe (Chrono Boost)  
  21  1:40  Assimilator  
  21  1:46  Probe (Chrono Boost)  
  22  1:50  Pylon  
  22  1:56  Probe (Chrono Boost)  
  22  2:00  Warp Gate  
  23  2:05  Adept  
  24  2:09  Probe (Chrono Boost)  
  26  2:18  Twilight Council  
  26  2:22  Probe (Chrono Boost)  
  27  2:29  Stalker  
  27  2:32  Probe (Chrono Boost)  
  27  2:34  Probe (Chrono Boost)  
  31  2:42  Resonating Glaives  
  31  2:43  Probe (Chrono Boost)  
  32  2:46  Probe (Chrono Boost)  
  33  2:55  Probe (Chrono Boost)  
  33  2:58  Probe (Chrono Boost)  
  36  3:07  Probe (Chrono Boost)  
  36  3:10  Probe (Chrono Boost)  
  37  3:15  Gateway x2  
  37  3:19  Probe (Chrono Boost)  
  38  3:22  Probe (Chrono Boost)  
  38  3:23  Robotics Facility  
  39  3:30  Pylon  
  39  3:31  Probe (Chrono Boost)  
  42  3:36  Mothership Core (Chrono Boost)  
  42  3:43  Probe (Chrono Boost)  
  42  3:46  Pylon  
  45  3:55  Probe (Chrono Boost)  
  47  3:56  Probe (Chrono Boost)  
  45  4:07  Probe x2 (Chrono Boost)  
  45  4:08  Warp Prism  
  45  4:09  Adept x2  
  51  4:10  Adept  
  55  4:20  Probe (Chrono Boost)  
  55  4:23  Nexus  
  57  4:24  Pylon  
  57  4:30  Adept x2  
  57  4:31  Adept  
  62  4:36  Pylon  
  62  4:44  Probe x2 (Chrono Boost)  
  64  4:53  Pylon  
  64  4:56  Probe x2 (Chrono Boost)  
  64  4:58  Adept x3  
  72  5:05  Immortal  
  74  5:08  Probe x2 (Chrono Boost)  
  74  5:13  Assimilator  
  78  5:17  Assimilator  
  78  5:20  Probe x2 (Chrono Boost)  
  80  5:26  Adept x3  
  84  5:32  Probe (Chrono Boost)  
  83  5:39  Immortal  
  83  5:40  Probe (Chrono Boost)  
  80  5:45  Probe (Chrono Boost)  
  81  5:53  Stalker  
  81  5:54  Stalker x2  
  81  5:55  Probe (Chrono Boost)  
  81  5:56  Probe (Chrono Boost)  
  79  6:08  Gateway  
  79  6:10  Gateway  
  79  6:11  Gateway  
  79  6:13  Immortal  
  79  6:17  Forge  
  79  6:18  Sentry x2  
  87  6:22  Sentry, Pylon  
  87  6:24  Probe (Chrono Boost)  
  87  6:25  Probe x2 (Chrono Boost)  
  92  6:35  Pylon  
  92  6:37  Probe x2 (Chrono Boost), Pylon  
  92  6:38  Blink  
  92  6:39  Probe (Chrono Boost)  
  95  6:43  Assimilator  
  95  6:46  Sentry x2  
  99  6:48  Probe (Chrono Boost), Protoss Ground Weapons Level 1  
  99  6:49  Probe (Chrono Boost)  
  99  6:51  Probe (Chrono Boost)  
  102  6:56  Gateway x2  
  102  6:58  Probe (Chrono Boost)  
  102  6:59  Assimilator  
  104  7:01  Probe (Chrono Boost)  
  104  7:10  Observer  
  105  7:22  Sentry, Stalker  
  109  7:28  Probe (Chrono Boost), Adept x4  
  118  7:34  Pylon  
  118  7:35  Pylon  
  118  7:39  Photon Cannon  
  118  7:44  Photon Cannon  
  118  7:48  Stalker x2  
  118  7:49  Stalker, Nexus  
  124  7:51  Pylon  
  124  7:53  Stalker x2  
  124  7:54  Stalker, Pylon  
  130  8:11  Stalker x5  
  120  8:39  Stalker x8  
  102  8:48  Immortal  
  92  9:02  Adept x2  
  92  9:03  Adept x6  
  92  9:07  Dark Shrine  
  108  9:27  Adept x4  
  108  9:28  Adept x4, Immortal  
  85  9:48  Stalker x6  
  89  10:00  Adept x2  
  89  10:11  Adept x2  
  89  10:12  Adept x4  
Tags
 
Add a new tag
Caveats
  • Supply blocks, unpowered buildings, or Contaminate may cause inaccurate times.
  • Supply counts are checked every 10 seconds.